 Dungeon Crawl Stone Soup version 0.29.1-1-gd02db6906a (webtiles) character file.

Game seed: 1416211383610543918

67 Hadkhar the Trooper (level 4, -1/38 HPs)
             Began as a Demonspawn Fighter on Sept 28, 2022.
             Killed by divine providence
             ... invoked by an orc priest
              (14 damage)
             ... on level 3 of the Dungeon.
             The game lasted 00:14:47 (1762 turns).

Hadkhar the Trooper (Demonspawn Fighter)            Turns: 1762, Time: 00:14:48

Health: -1/38      AC: 12    Str: 24    XL:     4   Next: 0%
Magic:  4/4        EV: 10    Int: 10    God:
Gold:   75         SH:  4    Dex: 12    Spells: 3/3 levels left

rFire   . . .      SeeInvis .   a - +0 war axe
rCold   . . .      Faith    .   c - +0 buckler
rNeg    . . .      Spirit   .   k - +0 plate armour
rPois   .          Reflect  .   (no helmet)
rElec   .          Harm     .   (no cloak)
rCorr   .          Rampage  .   (no gloves)
Will    .....                   (no boots)
Stlth   ..........              (no amulet)
HPRegen 0.12/turn               n - +4 ring of evasion
MPRegen 0.09/turn               o - +6 ring of strength

@: no status effects
A: rugged brown scales 1, spiny 1
a: no special abilities


You were on level 3 of the Dungeon.
You visited 1 branch of the dungeon, and saw 3 of its levels.

You collected 75 gold pieces.

Inventory:

Hand Weapons
 a - a +0 war axe (weapon)
Missiles
 g - 3 poisoned darts (quivered)
Armour
 c - a +0 buckler (worn)
 k - a +0 plate armour (worn)
Jewellery
 n - a +4 ring of evasion (left hand)
 o - a +6 ring of strength (right hand)
 p - a ring of willpower
Scrolls
 h - a scroll of identify {unknown}
 j - a scroll of teleportation {unknown}
 l - 2 scrolls of amnesia {unknown}
 q - a scroll of butterflies {unknown}
Potions
 b - a potion of brilliance {unknown}
 d - a potion of might
 e - a potion of cancellation {unknown}
 f - a potion of mutation {unknown}
 i - a potion of attraction {unknown}
 m - a potion of heal wounds {unknown}
 r - a potion of flight {unknown}


   Skills:
 * Level 3.8 Fighting
 + Level 2.4 Axes
 + Level 1.1 Throwing
 + Level 3.2 Armour
 - Level 2.6 Shields


You had 3 spell levels left.
You didn't know any spells.
Your spell library contained the following spells:

 Spells                   Type           Power      Damage    Failure   Level
 Blink                    Tloc           0%         N/A       100%        2
 Manifold Assault         Tloc           0%         N/A       100%        5
 Storm Form               Tmut/Air       0%         N/A       100%        7


Dungeon Overview and Level Annotations

Branches:
Dungeon (3/15)

Altars:

Shops:
D:1 (

Annotations:
D:2 1 runed translucent door, Crazy Yiuf


Innate Abilities, Weirdness & Mutations

You are partially covered in rugged brown scales. (AC +1, +3% HP)
You are partially covered in sharp spines.


Message History

There is a stone staircase leading up here. 2 orcs come into view.
Found a smoky ruby potion.
Found a stone staircase leading up.
The orc shouts! x2
An orc comes into view. It is wielding a +0 dagger.
The orc moves out of view. x2
An orc comes into view. It is wielding a +0 dagger.
An orc priest comes into view. It is wielding a +0 hand axe.
Found a gluggy clear potion.
The orc shouts!
The orc priest shouts!
Sorry, you're not good enough to have a special ability.
The orc barely misses you.
You completely miss the orc. The orc hits you but does no damage.
You closely miss the orc. The orc is struck by your spines.
The orc closely misses you. x3; The orc hits you but does no damage.
You hit the orc.
You kill the orc!
The orc closely misses you.
You slash the orc!
You kill the orc!
The orc barely misses you.
You slash the orc!
You kill the orc!
The orc hits you from afar with a +0 trident.
The orc completely misses you.
The orc priest invokes the aid of Beogh against you.
Pain shoots through your body!
You have reached level 4!
You feel clever.
Your demonic ancestry asserts itself...
Rugged brown scales grow over part of your body.
You slash the orc priest!
The orc priest is severely wounded.
The orc hits you but does no damage.
The orc priest hits you with a +0 hand axe.
You hit the orc priest.
The orc priest is almost dead.
The orc hits you from afar with a +0 trident.
The orc priest invokes the aid of Beogh against you.
Beogh smites you!
You die...

#.. #.# ....... #.#
........# #.#
..#........# #.#
..#........# #.#
...........# #.#
...........# #@# #.#
...........####o#....#
...........o...o..#
.....#............#
#.....o.<..........#
.....>.o############.#
......... # ......o...
##....#..o.


You could see an orc priest and an orc.

Vanquished Creatures
  2 adders (D:2)
  A worm (D:2)
  A dart slug (D:2)
  3 orcs (D:3)
  3 bats (D:2)
  An endoplasm (D:1)
  3 giant cockroaches
  3 goblins
  A hobgoblin (D:1)
  4 jackals (D:1)
  A quokka (D:2)
  5 ball pythons
  3 frilled lizards
  5 kobolds
  4 rats
40 creatures vanquished.

Notes
Turn   | Place    | Note
-------+----------+-------------------------------------------
     0 | D:1      | Hadkhar the Demonspawn Fighter began the quest for the Orb.
     0 | D:1      | Reached XP level 1. HP: 18/18 MP: 1/1
    35 | D:1      | Found Xeetuent's Antique Weapon Emporium.
   262 | D:1      | Gained mutation: You are partially covered in sharp spines.
                  | [demonic ancestry]
   262 | D:1      | Reached XP level 2. HP: 20/24 MP: 2/2
   335 | D:1      | Found a faded altar of an unknown god.
  1327 | D:2      | Reached XP level 3. HP: 29/29 MP: 3/3
  1589 | D:2      | Found a runed translucent door.
  1590 | D:2      | Noticed Crazy Yiuf
  1677 | D:2      | Reached skill level 1 in Throwing
  1761 | D:3      | Gained mutation: You are partially covered in rugged brown
                  | scales. (AC +1, +3% HP) [demonic ancestry]
  1761 | D:3      | Reached XP level 4. HP: 16/38 MP: 4/4
  1762 | D:3      | Killed from afar by an orc priest

Illustrated notes

Levels and vault maps discovered:
D:1:      psy_arrival_fountain, layout_rooms, serial_shops, shop,
          shapermc_ecumenical_altar_notcrosses, lemuel_flame_loot_1
D:2:      layout_basic, uniq_crazy_yiuf_cottage
D:3:      layout_basic

Skill      XL: |  1  2  3 |
---------------+----------+-----
Axes           | 2 |  2.4
Armour         | 3 |  3.2
Throwing       | 1 |  1.1
Fighting       | |  3.8
Shields        | |  2.6

Action                   |  1- 3 |  4- 6 || total
-------------------------+-------+-------++-------
Melee: War axe           |    68 |     2 ||    70
Armor: Scale mail        |    14 |       ||    14
       Plate armour      |    23 |     1 ||    24
Dodge: Dodged            |    37 |       ||    37
Block: Buckler           |    15 |       ||    15
